 Dungeon Crawl Stone Soup version 0.30.1-11-g7821555f0a (webtiles) character file.

Game seed: 10702392169638762231

174 hawla the Firebug (level 6, 0/45 HPs)
             Began as a Meteoran Fire Elementalist on Dec 13, 2023.
             Slain by a water moccasin (7 damage)
             ... on level 5 of the Dungeon.
             The game lasted 00:01:48 (292 turns).

hawla the Firebug (Meteoran Fire Elementalist)       Turns: 292, Time: 00:01:49

Health: 0/45       AC:  2    Str:  9    XL:     6   Next: 10%
Magic:  4/12       EV: 12    Int: 20    God:
Gold:   89         SH:  0    Dex: 14    Spells: 4/11 levels left

rFire   . . .        (no weapon)
rCold   . . .        (no shield)
rNeg    . . .        a - +0 robe
rPois   .            (no helmet)
rElec   .            (no cloak)
rCorr   .            (no gloves)
SInv    .            (no boots)
Will    .....        (no amulet)
Stlth   +            (no ring)
HPRegen 0.27/turn    (no ring)
MPRegen 0.13/turn

%: no passive effects
@: glowing
A: sense surroundings 1, otherworldly, glowing, explore regen
a: no special abilities


You were on level 5 of the Dungeon.
You visited 1 branch of the dungeon, and saw 5 of its levels.

You collected 89 gold pieces.

Inventory:

Armour
 a - a +0 robe (worn)
Scrolls
 c - 3 scrolls of identify {unknown}


   Skills:
 - Level 2.7 Dodging
 - Level 1.4 Stealth
 - Level 3.4 Spellcasting
 + Level 4.7 Conjurations
 - Level 4.8 Fire Magic


You had 4 spell levels left.
You knew the following spells:

 Your Spells              Type           Power      Damage    Failure   Level
a - Foxfire               Conj/Fire      88%        2x1d8     1%          1
b - Scorch                Fire           44%        2d7       2%          2
c - Flame Wave            Conj/Fire      22%        2d8       19%         4

Your spell library contained the following spells:

 Spells                   Type           Power      Damage    Failure   Level
 Inner Flame              Hex/Fire       13%        N/A       16%         3
 Volatile Blastmotes      Fire/Tloc      26%        2d12      16%         3


Dungeon Overview and Level Annotations

Branches:
Dungeon (5/15) Zot: 2708
 Temple: D:4-7

Altars:


Innate Abilities, Weirdness & Mutations

You passively map a small area around you.
You are easily found by Zot.
You glow in the dark.
You regain HP and MP as you explore.


Message History

Confirm with . or Enter, or press ? or * to list all spells.
Flames lash the adder.
The adder is burned terribly!
You kill the adder!
You feel sick.
You hear an angry hiss.
The water moccasin barely misses you.
Your Conjurations skill increases to level 2!
Casting: Scorch (safe; 3% risk of failure)
Confirm with . or Enter, or press ? or * to list all spells.
Flames lash the water moccasin.
The water moccasin is burned terribly!
You kill the water moccasin!
You feel sick.
Your Conjurations skill gained 2 levels and is now at level 4!
You have reached level 5!
You have reached level 6!
You feel clever.
A water moccasin comes into view.
You feel sick.
The water moccasin hisses angrily.
There is an open door here.
You see here a water moccasin corpse.
You feel sick.
You feel sick.
You feel sick.
You are no longer poisoned.
Items here: ))) [ ††.
The water moccasin attacks as you move away!
The water moccasin closely misses you. The water moccasin bites you!
* * * LOW HITPOINT WARNING * * *
There is an open door here.
The water moccasin attacks as you move away!
The water moccasin barely misses you. The water moccasin barely misses you.
Casting: Scorch (safe; 2% risk of failure)
Confirm with . or Enter, or press ? or * to list all spells.
Flames lash the water moccasin.
The water moccasin is lightly wounded.
The water moccasin's fire resistance burns away.
The water moccasin bites you!
You die...

#.....# #)#
#.....# #.#
#.....# #.#
#.....###.#
#.........#
#.....#####
###'###
###########S#
#..........@#
#.###########
#.#..<..#
#.#..)#.#
#.#####.#
#.......#
#########


You could see a water moccasin (combustible).

Vanquished Creatures
  A water moccasin (D:5)
  A hound (D:5)
  An adder (D:5)
  4 orcs (D:5)
  A ball python (D:4)
  An endoplasm (D:4)
  A giant cockroach (D:1)
  A goblin (D:3)
  3 jackals (D:4)
  2 rats
16 creatures vanquished.

Vanquished Creatures (others)
  31 foxfires
31 creatures vanquished.

Grand Total: 47 creatures vanquished

Notes
Turn   | Place    | Note
-------+----------+-------------------------------------------
     0 | D:1      | hawla the Meteoran Fire Elementalist began the quest for
                  | the Orb.
     0 | D:1      | Reached XP level 1. HP: 14/14 MP: 5/5
   122 | D:4      | Reached XP level 2. HP: 19/20 MP: 3/6
   125 | D:4      | Learned a level 2 spell: Scorch
   177 | D:5      | Entered Level 5 of the Dungeon
   225 | D:5      | Noticed a hound
   226 | D:5      | Reached XP level 3. HP: 26/26 MP: 5/8
   230 | D:5      | Reached XP level 4. HP: 33/33 MP: 1/10
   235 | D:5      | Learned a level 4 spell: Flame Wave
   258 | D:5      | Noticed a water moccasin
   269 | D:5      | Killed a water moccasin
   270 | D:5      | Reached XP level 5. HP: 11/38 MP: 3/11
   270 | D:5      | Reached XP level 6. HP: 13/45 MP: 3/12
   270 | D:5      | Noticed a water moccasin
   292 | D:5      | Slain by a water moccasin

Illustrated notes

Levels and vault maps discovered:
D:1:      nicolae_arrival_memento_mori, layout_basic
D:2:      layout_rooms
D:3:      layout_basic, amcnicky_altar_gilded,
          shapermc_ecumenical_altar_mp_highgroup, serial_shops, shop
D:4:      layout_gridville, overflow_temple_1_default
D:5:      layout_basic, minmay_misc_feat_tiny, uniq_edmund

Skill      XL: |  1  2  3  4 |
---------------+-------------+-----
Fire Magic     | 4 |  4.8
Spellcasting   | 3 |  3.4
Conjurations   | 4 |  4.7
Dodging        | |  2.7
Stealth        | |  1.4

Action                     |  1- 3 |  4- 6 || total
---------------------------+-------+-------++-------
  Melee: Unarmed           |     1 |       ||     1
   Cast: Foxfire           |    16 |     2 ||    18
         Scorch            |     4 |     7 ||    11
    Use: Potion            |       |     1 ||     1
 Armour: Robe              |       |     2 ||     2
  Dodge: Dodged            |     1 |     7 ||     8
